woodfighter, chaotic female elven Rogue ------------ Y +###############-...........# # |..........|# # |..........|# o # |..........|# ----- f@ ------------# ##%...| i a# [ # |...| ### #`###########+..{| # #### # |.)>| # #-----### ----- # #|...|# # #|)..|# #|...-# |...| |...| |<..| ----- woodfighter the Rogue Experience level: 6 Strength: 14 Dexterity: 19 Constitution: 13 Intelligence: 10 Wisdom: 9 Charisma: 11 Health: 0(40) Energy: 28(28) Def: 3 Gold: 243 Moves: 3034 Dungeon seed: pAbLa2vepOId_SoH Game ID: woodfighter_1511128856 Your Inventory: Coins $ - 243 gold pieces Weapons a - a +0 elven short sword (weapon in hand) b - 6 +0 elven daggers (in quiver) Armor e - an uncursed +1 leather armor (being worn) Comestibles i - 4 uncursed food rations m - 3 uncursed lichen corpses o - an uncursed magic bean r - an uncursed tripe ration v - an uncursed eucalyptus leaf U - 2 uncursed sprigs of wolfsbane Scrolls A - an uncursed scroll of scare monster Potions C - an uncursed potion of speed Wands d - a wand of undead turning (0:8) h - a wand of opening (0:3) t - a wand of sleep (0:7) R - a wand of make invisible (0:5) Tools g - an uncursed blindfold y - an uncursed lock pick Spells and supernatural/magical abilities: Name Level Category Fail Memory W - pray for help -- divine ? -- Your skills at the end: Miscellaneous Skills wands [Basic] Weapon Skills dagger [Basic] short sword [Basic] Spellcasting Skills Final Attributes: You were piously aligned. You were sleep resistant. You were blinded. You were telepathic. You had infravision. You were very stealthy. You are dead. Vanquished creatures: a dog a yellow light a bugbear a rock mole a rock piercer a straw golem 2 giant ants a floating eye an iguana 8 hill orcs 2 coyotes 3 hobbits an acid blob a large kobold 2 giant rats a red mold 2 gnomes 7 jackals a kobold 6 newts a goblin 5 grid bugs 7 lichens a kobold zombie 58 creatures vanquished. Voluntary challenges: You did not adorn yourself with jewelry or accessories. You did not cause conflict. You were not invisible. You did not have reflection. You were not displaced. You had been an atheist until turn 2868. You used a wielded weapon 104 times, starting on turn 118. You did not apply a unicorn horn. You did not use plumbed fixtures. You did not drink any magical draughts. You read items or engraved 1 time, starting on turn 1367. You never genocided any monsters. You never polymorphed an object. You never changed form. You used no wishes. You never split a pudding. You never wrote Elbereth's name. You never violated your personal moral code. Dungeon overview: The Dungeons of Doom: levels 1 to 9 Level 1 some fountains a long staircase Level 2 a scroll shop Level 3 some fountains Level 4 (stash + vault) a fountain, a sink stairs to The Gnomish Mines Level 5 a general store Level 6 Level 7 (vault) Level 8 <- You were here a fountain Level 9 The Gnomish Mines: Level 5 stairs to The Dungeons of Doom History has recorded: On T:1 you entered the Dungeons of Doom to retrieve the Amulet of Yendor! On T:144 you reached level 2 of The Dungeons of Doom. On T:572 you reached level 3 of The Dungeons of Doom. On T:574 you advanced to experience level 2. On T:854 you advanced to experience level 3. On T:1113 you reached level 4 of The Dungeons of Doom. On T:1204 you reached level 1 of The Gnomish Mines. On T:1367 you reached level 7 of The Dungeons of Doom. On T:1482 you reached level 8 of The Dungeons of Doom. On T:1554 you advanced to experience level 4. On T:1626 you reached level 6 of The Dungeons of Doom. On T:1782 you reached level 5 of The Dungeons of Doom. On T:2158 you advanced to experience level 5. On T:2868 you prayed to Kos. On T:2925 you advanced to experience level 6. On T:2955 you reached level 9 of The Dungeons of Doom. Score breakdown: Gold: 243 ( 24 points) Experience: 6 levels ( 500 points) Exploration: 9 levels ( 240 points) Discoveries: 8 items ( 400 points) Variety of kills: 24 monsters ( 1200 points) Major goal: (nothing yet) ( 0 points) Survival: died (score multiplied by 3) Total score: 7092 Latest messages: Kitty drops a curved sword. There is an open door here. There are several objects here. Nowhere else around here can be automatically explored. Where do you want to travel to? There are a few objects here. You finish searching. The door resists! The door opens. You stop exploring. You throw 2 elven daggers. The 1st elven dagger hits the yellow light! The 2nd elven dagger hits the yellow light. The yellow light explodes! You are blinded by a blast of light! You hear some noises. You stab the soldier ant. The soldier ant bites! The soldier ant stings! You stab the soldier ant. The soldier ant bites! The soldier ant stings! The soldier ant's sting was poisoned! You die... Final status: Goodbye woodfighter the Rogue, killed by a soldier ant... You died in The Dungeons of Doom on dungeon level 8 with 7092 points, and 243 pieces of gold, after 3034 moves. You were level 6 with a maximum of 40 hit points when you died.